AoeStats
← Reis

Arabia

507061366Analyzed
4v4 RM · 17d ago on Sep 16, 2026· 30m 41s· 8 players
Game mode
Random Map
Map size
Large (8 player)
Population
200
Speed
Normal
Resources
Standard
Victory
Conquest
Starting age
Dark Age
Ending age
Imperial Age
RankedLock teamsTeams togetherTeam positionsShared explorationLock speedFull tech treeHidden civsTurbo modeCheats
Victory
Defeat
🇮🇳 Huns · India
1352
+13
🇫🇷 Japanese · France
1332
+14
🇭🇺 Mapuche · Hungary
1286
+16
1277
+17
1304
-16
🇹🇷 Cumans · Türkiye
1299
-15
🇨🇭 Bulgarians · Switzerland
1292
-15
🇨🇳 Britons · China
1274
-14
Reis
6:16 Loom
10:07 Feudal Age
12:13 Forging
24:02 Castle Age
C42
7:32 Loom
10:16 Feudal Age
12:26 Double-Bit Axe
13:02 Horse Collar
22:15 Castle Age
21:08 Wheelbarrow
20:18 Town Watch
21:32 Gold Mining
23:12 Scale Barding Armor
23:19 Bloodlines
24:20 Forging
28:31 Chain Barding Armor
种田玩家打队友别打我
5:51 Loom
9:27 Feudal Age
10:08 Double-Bit Axe
11:30 Horse Collar
18:27 Wheelbarrow
19:11 Scale Barding Armor
21:02 Forging
老头
8:19 Loom
10:35 Feudal Age
11:15 Double-Bit Axe
13:44 Wheelbarrow
12:51 Horse Collar
21:38 Gold Mining
21:56 Padded Archer Armor
23:22 Fletching
Demon Backpack // Varela
6:38 Loom
9:20 Feudal Age
9:59 Double-Bit Axe
18:50 Bloodlines
19:12 Forging
19:59 Scale Barding Armor
24:47 Wheelbarrow
31:31 Castle Age
31:04 Gold Mining
Pedro
6:48 Loom
9:16 Feudal Age
10:06 Man-at-Arms
15:16 Fletching
16:36 Wheelbarrow
21:39 Castle Age
20:08 Double-Bit Axe
20:30 Padded Archer Armor
21:00 Gold Mining
21:44 Crossbowman
23:37 Bodkin Arrow
26:15 Bow Saw
28:19 Leather Archer Armor
scurhun
6:21 Loom
11:10 Feudal Age
16:46 Castle Age
14:48 Double-Bit Axe
15:31 Horse Collar
18:00 Bow Saw
17:48 Fletching
18:24 Bodkin Arrow
20:31 Heavy Plow
21:24 Gold Mining
22:38 Wheelbarrow
23:42 Hand Cart
24:04 Gold Shaft Mining
26:23 Padded Archer Armor
27:46 Stone Mining
saksham
7:57 Loom
10:04 Feudal Age
10:54 Double-Bit Axe
12:11 Fletching
15:52 Padded Archer Armor
23:12 Castle Age
23:43 Crossbowman
24:34 Thumb Ring
24:25 Bodkin Arrow
25:55 Leather Archer Armor
27:15 Ballistics
27:43 Wheelbarrow
29:07 Town Watch
30:08 Bow Saw
Connection lost

Rejoining the realm…

Still unreachable

The connection could not be restored.

Session expired

The server has moved on; the page needs a fresh start.